 Dungeon Crawl Stone Soup version 0.28.0 (webtiles) character file.

Game seed: 12442957657942995349

56 freelancePsychic the Ducker (level 3, 0/40 HPs)
             Began as a Merfolk Fire Elementalist on Feb 7, 2022.
             Slain by an adder (2 damage)
             ... on level 3 of the Dungeon.
             The game lasted 00:05:07 (2810 turns).

freelancePsychic the Ducker (MfFE)                  Turns: 2810, Time: 00:05:08

Health: 0/40       AC: 21    Str:  5 (8)  XL:     3   Next: 97%
Magic:  3/7        EV:  2    Int: 15 (16) God:
Gold:   82         SH:  0    Dex: 13 (14) Spells: 4/7 levels left

rFire   . . .      SeeInvis .   (no weapon)
rCold   . . .      Faith    .   (no shield)
rNeg    . . .      Spirit   .   (armour currently unavailable)
rPois   +          Reflect  .   (helmet currently unavailable)
rElec   .          Harm     .   (cloak currently unavailable)
rCorr   .          Rampage  .   (gloves currently unavailable)
Will    .....      NoTele   +   (boots currently unavailable)
Stlth   ++........              (no amulet)
HPRegen 0.13/turn               (no ring)
MPRegen 0.10/turn               (no ring)

@: tree-form (expiring)
A: stationary, stasis, torment immunity, boosted hp, (nimble swimmer 2),
(mertail)
a: no special abilities


You were on level 3 of the Dungeon.
You were a tree.
You visited 1 branch of the dungeon, and saw 3 of its levels.

You collected 82 gold pieces.

Inventory:

Armour
 a - a +0 robe (melded)
 i - a scarf of resistance (melded)
Wands
 k - a wand of iceblast (13)
Scrolls
 c - 5 scrolls of vulnerability
 d - a scroll of identify {@r1}
 g - a scroll of immolation
Potions
 b - a potion of lignification


   Skills:
 + Level 2.0 Fighting
 - Level 3.1 Dodging
 - Level 2.1 Stealth
 + Level 2.7 Spellcasting
 + Level 1.1 Conjurations
 + Level 0.7 Transmutations
 - Level 2.1 Fire Magic
 - Level 0.7 Ice Magic


You had 4 spell levels left.
You knew the following spells:

 Your Spells              Type           Power      Damage    Failure   Level
a - Foxfire               Conj/Fire      28%        2x1d5     11%         1
b - Scorch                Fire           16%        2d6       13%         2

Your spell library contained the following spells:

 Spells                   Type           Power      Damage    Failure   Level
 Sublimation of Blood     Necr           2%         N/A       30%         2
 Conjure Flame            Conj/Fire      7%         6-21      30%         3
 Inner Flame              Hex/Fire       5%         N/A       36%         3
 Ozocubu's Armour         Ice            4%         N/A       43%         3
 Flame Wave               Conj/Fire      7%         2d5       71%         4
 Petrify                  Tmut/Erth      3%         N/A       87%         4
 Irradiate                Conj/Tmut      2%         3d14      98%         5
 Ozocubu's Refrigeration  Ice            2%         4d5       100%        7


Dungeon Overview and Level Annotations

Branches:
Dungeon (3/15)

Altars:
The Shining One


Innate Abilities, Weirdness & Mutations

You are a tree.
Your roots penetrate the ground, keeping you stationary.
You cannot be teleported.
You are immune to unholy pain and torment.
Your maximum health is greatly increased.
Your equipment is partially melded.
((You are very nimble when in or above water. (Stealth+, EV+, Speed+++)))
((Your lower body shifts to a powerful aquatic tail in water.))


Message History

You feel sick. The adder barely misses you.
The adder bites you but does no damage.
As you read the scroll labelled TAIROHO HEEZEH, it crumbles to dust.
It is a scroll of brand weapon.
You aren't carrying any weapons that can be branded.
You feel sick. The adder barely misses you.
You cannot move.
Unknown command.
You swing at nothing.
You feel sick. The adder bites you.
* * * LOW HITPOINT WARNING * * *
You swing at nothing.
You feel sick. The adder completely misses you.
The adder bites you but does no damage.
You swing at nothing.
You feel sick.
You are no longer poisoned.
The adder bites you but does no damage.
You swing at nothing.
The adder bites you but does no damage.
You swing at nothing.
The adder bites you but does no damage. The adder bites you.
* * * LOW HITPOINT WARNING * * *
You swing at nothing.
The adder bites you but does no damage.
You swing at nothing.
The adder bites you but does no damage.
You swing at nothing.
The adder completely misses you.
You swing at nothing.
The adder bites you but does no damage. The adder barely misses you.
You swing at nothing.
The adder bites you but does no damage.
You swing at nothing.
The adder bites you but does no damage.
Your magical contamination has completely faded away.
You swing at nothing.
The adder bites you.
* * * LOW HITPOINT WARNING * * *
The adder bites you but does no damage.
You swing at nothing.
The adder bites you but does no damage.
You swing at nothing.
The adder bites you but does no damage.
You swing at nothing.
The adder barely misses you. The adder bites you but does no damage.
You swing at nothing.
Your transformation is almost over.
The adder bites you but does no damage.
You swing at nothing.
The adder completely misses you.
You swing at nothing.
The adder bites you.
You die...

* *,,,,,,,,* *,#....##..#
#..#.# * *,.......*
*,#....##..####.#.# *
*,.......* *,#...........)...#
*,.......* *,#######..####....
*,.....S.* *,,,,,........(....
*,.......********###########...
*,.......,,,,,,,,,,,.........>.
*,....(§.########***##########.
*,.....)...§.S♣.# ##########.
**#####+#######§#####..........
*********,* #................
,,,,**,,,,* *#######..........
,,,,**+******* *<* #..........
,,,,,,,,,,,,,* *,* #.....>....
,,,,,,,,,,,,,* *,* #..........
,,,,,,,,,,,,,* *,* #..........
,,,,,,,,,,,,,* *,* #..........


You could see an adder (inner flame).

Vanquished Creatures
  2 adders (D:2)
  2 dart slugs
  An orc (D:3)
  3 endoplasms (D:1)
  2 giant cockroaches (D:2)
  2 goblins
  5 hobgoblins
  2 jackals (D:2)
  3 kobolds
  3 ball pythons
  4 bats
  A frilled lizard (D:1)
  A rat (D:2)
31 creatures vanquished.

Vanquished Creatures (others)
  55 foxfires
55 creatures vanquished.

Grand Total: 86 creatures vanquished

Notes
Turn   | Place    | Note
-------+----------+-------------------------------------------
     0 | D:1      | freelancePsychic the Merfolk Fire Elementalist began the
                  | quest for the Orb.
     0 | D:1      | Reached XP level 1. HP: 13/13 MP: 3/3
   349 | D:1      | Reached skill level 3 in Dodging
   405 | D:1      | Reached XP level 2. HP: 20/20 MP: 3/5
   691 | D:1      | Learned a level 2 spell: Scorch
   731 | D:2      | Reached skill level 1 in Fighting
   849 | D:2      | Reached XP level 3. HP: 26/26 MP: 1/6
  1454 | D:2      | Found a glowing golden altar of the Shining One.
  2268 | D:2      | Reached skill level 1 in Conjurations
  2804 | D:3      | HP: 1/40 [adder (4)]
  2810 | D:3      | Slain by an adder

Illustrated notes

Levels and vault maps discovered:
D:1:      dpeg_arrival_erosion, layout_basic
D:2:      layout_basic, basic_altar, kennysheep_generic_room_9
D:3:      layout_basic, lemuel_coloured_pillars_altar

Skill      XL: |  1  2  3 |
---------------+----------+-----
Dodging        | 3 |  3.1
Fighting       | 1 2 |  2.0
Conjurations   | 1 |  1.1
Stealth        | |  2.1
Spellcasting   | |  2.7
Transmutations | |  0.7
Fire Magic     | |  2.1
Ice Magic      | |  0.7

Action                   || total
-------------------------++-------
Melee: Unarmed           ||     2
 Cast: Foxfire           ||    35
       Scorch            ||    22
  Use: Scroll            ||     5
       Potion            ||     2
Armor: Skin              ||    16
       Robe              ||     2
Dodge: Dodged            ||    26
